 Dungeon Crawl Stone Soup version 0.24-a0-219-g9656df7 (webtiles) character file.

Game seed: 4665384330231488214

54 Gunnerkreig the Sneak (level 3, -2/21 HPs)
             Began as an Octopode Wizard on Mar 30, 2019.
             Killed from afar by Natasha (6 damage)
             ... with a wand of flame (8)
             ... on level 2 of the Dungeon.
             The game lasted 00:02:37 (1937 turns).

Gunnerkreig the Sneak (Octopode Wizard)             Turns: 1937, Time: 00:02:38

Health: -2/21      AC:  1    Str:  7    XL:     3   Next: 91%
Magic:  2/7        EV: 13    Int: 20    God:
Gold:   67         SH:  0    Dex: 10    Spells: 7/8 levels left

rFire    . . .     SeeInvis .   e - +0 whip
rCold    . . .     Gourm    .   (no shield)
rNeg     . . .     Faith    .   a - +0 hat
rPois    .         Spirit   .   (no amulet)
rElec    .         Reflect  .   (no ring)
rCorr    .         Harm     .   (no ring)
MR       .....                  (no ring)
Stlth    +++.......             (no ring)
HPRegen  0.07/turn              (no ring)
MPRegen  0.10/turn              (no ring)
                                (no ring)
                                (no ring)

@: no status effects
A: almost no armour, stealthy swim, amphibious, 8 rings, constrict 8, camouflage
1, gelatinous body 1
a: no special abilities


You were on level 2 of the Dungeon.
You were hungry.

You visited 1 branch of the dungeon, and saw 2 of its levels.

You collected 67 gold pieces.

Inventory:

Hand Weapons
 e - a +0 whip (weapon)
 g - a +0 spear
Missiles
 b - 41 stones (quivered)
Armour
 a - a +0 hat (worn)
Scrolls
 f - a scroll of remove curse {unknown}
 i - a scroll of random uselessness {unknown}
Potions
 d - a potion of curing {unknown}
 h - a potion of degeneration {unknown}
Comestibles
 c - 3 rations


   Skills:
 - Level 2.0 Dodging
 + Level 3.9 Stealth
 - Level 3.0 Spellcasting
 * Level 3.0 Conjurations
   Level 1.0 Summonings
   Level 1.0 Translocations


You had 7 spell levels left.
You knew the following spells:

 Your Spells              Type           Power        Failure   Level  Hunger
a - Magic Dart            Conj           ###.         4%          1    None

Your spell library contained the following spells:

 Spells                   Type           Power        Failure   Level  Hunger
 Blink                    Tloc           N/A          14%         2    ##.....
 Call Imp                 Summ           #.......     14%         2    ##.....
 Slow                     Hex            #.......     22%         2    ##.....
 Conjure Flame            Conj/Fire      #.......     22%         3    ###....
 Mephitic Cloud           Conj/Pois/Air  #.......     28%         3    ###....


Dungeon Overview and Level Annotations

Branches:
Dungeon (2/15)

Altars:

Annotations:
D:2 Natasha


Innate Abilities, Weirdness & Mutations

You cannot wear most types of armour.
You are very stealthy in the water. (Stealth+)
You are amphibious.
You can wear up to eight rings at the same time.
You can use your tentacles to constrict eight enemies at once.
Your skin changes colour to match your surroundings (Stealth+).
Your rubbery body absorbs attacks. (AC +1, EV +1)


Message History

Press: ? - help, Shift-Dir - straight line, f/p - Natasha
Aim: Natasha, carrying a wand of flame (8) (heavily wounded)
The magic dart hits Natasha.
Natasha is severely wounded.
Casting: Magic Dart (safe; 4% risk of failure)
Confirm with . or Enter, or press ? or * to list all spells.
Aiming: Magic Dart (safe; 4% risk of failure)
Press: ? - help, Shift-Dir - straight line, f/p - Natasha
Aim: Natasha, carrying a wand of flame (8) (severely wounded)
The magic dart hits Natasha.
Natasha is almost dead.
Casting: Magic Dart (safe; 4% risk of failure)
Confirm with . or Enter, or press ? or * to list all spells.
Aiming: Magic Dart (safe; 4% risk of failure)
Press: ? - help, Shift-Dir - straight line, f/p - Natasha
Aim: Natasha, carrying a wand of flame (8) (almost dead)
The magic dart hits Natasha.
Natasha is almost dead.
Natasha zaps a wand.
The puff of flame hits you.
You die...

#.####.###.#######
#..........>......
#..###..†.........
#.[#######.####<..
#.........^####...
#...######........
#...# #####....
#...# #.... #@..#
#.### #...# #.#
#...# #.# #...#
#.# #.h.# #.#
#...# #.# #...#
#.# #..$.
...####.###
...........


You could see Natasha.

Vanquished Creatures
  Natasha (D:2)
  2 dart slugs (D:1)
  2 leopard geckos
  3 giant cockroaches
  3 goblins
  3 hobgoblins (D:1)
  4 kobolds (D:1)
  4 bats (D:1)
  A frilled lizard (D:1)
  2 rats (D:1)
25 creatures vanquished.

Notes
Turn   | Place    | Note
-------+----------+-------------------------------------------
     0 | D:1      | Gunnerkreig the Octopode Wizard began the quest for the
                  | Orb.
     0 | D:1      | Reached XP level 1. HP: 11/11 MP: 4/4
   196 | D:1      | Reached XP level 2. HP: 17/17 MP: 0/6
  1096 | D:1      | Reached XP level 3. HP: 21/21 MP: 7/7
  1588 | D:2      | Noticed Natasha
  1595 | D:2      | Killed Natasha
  1932 | D:2      | Noticed Natasha
  1937 | D:2      | Killed from afar by Natasha

Levels and vault maps discovered:
D:1:      dpeg_arrival_connections, layout_basic
D:2:      layout_loops_ring, dk_noncrumbling_2, kennysheep_generic_room_13,
          uniq_natasha

Skill      XL: |  1  2  3 |
---------------+----------+-----
Stealth        | 3 |  3.9
Conjurations   | 2 3 |  3.0
Dodging        | |  2.0
Spellcasting   | |  3.0
Summonings     | |  1.0
Translocations | |  1.0

Action                   || total
-------------------------++-------
Melee: Unarmed           ||     3
       Tentacles         ||     2
       Constrict         ||     3
       Whip              ||     9
 Cast: Magic Dart        ||    54
  Eat: Chunk             ||     2
Armor: Skin              ||     2
Dodge: Dodged            ||     8

Table legend:
 A = Non-vault XP
 B = Vault XP
 C = Vault XP percentage of total XP
 D = Non-vault monster count
 E = Vault monster count
 F = Vault count percentage of total count
                 A         B        C        D         E       F
            +---------+---------+-------+---------+---------+-------
      Total |      45 |      33 |  42.3 |      24 |       1 |   4.0
            +---------+---------+-------+---------+---------+-------
        D:1 |      38 |       0 |   0.0 |      21 |       0 |   0.0
        D:2 |       7 |      33 |  82.5 |       3 |       1 |  25.0
            +---------+---------+-------+---------+---------+-------
